 Dungeon Crawl Stone Soup version 0.22-a0-565-gfc6459a (webtiles) character file.

4326 glosham the Fighter (level 10, -1/81 HPs)
             Began as a Mummy Abyssal Knight on June 28, 2018.
             Was a High Priest of Lugonu.
             Slain by a komodo dragon (10 damage)
             ... on level 7 of the Dungeon.
             The game lasted 01:26:49 (5261 turns).

glosham the Fighter (Mummy Abyssal Knight)          Turns: 5261, Time: 01:26:50

Health: -1/81      AC: 17    Str: 17    XL:     10   Next: 11%
Magic:  15/15      EV:  7    Int: 13    God:    Lugonu [*****.]
Gold:   347        SH:  0    Dex: 12    Spells: 9/9 levels left

rFire    x . .     SeeInvis .   a - +3 dagger (elec)
rCold    + . .     Gourm    .   (no shield)
rNeg     + + +     Faith    .   X - +7 chain mail "Noung" {rPois Slay+5}
rPois    ∞         Spirit   .   (no helmet)
rElec    .         Reflect  .   (no cloak)
rCorr    .         Harm     .   (no gloves)
MR       +....                  (no boots)
Stlth    ..........             (no amulet)
HPRegen  0.23/turn              (no ring)
MPRegen  0.14/turn              (no ring)

@: no status effects
A: no food or potions, fire vulnerability, cold resistance 1, negative energy
resistance 3, torment resistance, unbreathing
a: Depart the Abyss, Bend Space, Banish, Corrupt, Enter the Abyss, Renounce
Religion


You were on level 7 of the Dungeon.
You worshipped Lugonu.
Lugonu was extremely pleased with you.
You were not hungry.

You visited 1 branch of the dungeon, and saw 7 of its levels.
You visited the Abyss 1 time.
You also visited: Sewer.

You collected 347 gold pieces.

Inventory:

Hand Weapons
 a - a +3 dagger of electrocution (weapon)
 b - a +2 dagger of venom
 c - a +0 hunting sling
 k - a +0 shortbow
 l - a +0 scythe
 r - a +0 blowgun
 t - a +4 rapier
 v - a +0 dagger of holy wrath
 x - a +1 hand axe
 A - a +1 dagger of electrocution
 C - a +0 whip of holy wrath
 E - a +0 glaive
 F - a cursed -2 dagger
 G - a +0 glaive
Missiles
 e - 173 arrows
 g - 54 poisoned needles
 h - 154 stones
 i - 3 poisoned tomahawks (quivered)
 n - 11 tomahawks
 z - 27 sling bullets
Armour
 o - a +0 buckler
 p - a +1 ring mail of fire resistance
 w - a +1 robe of resistance
 X - the +7 chain mail "Noung" (worn) {rPois Slay+5}
   (You found it on level 3 of the Abyss)

   It affects your accuracy and damage with ranged weapons and melee attacks
   (+5).
   It protects you from poison.
Magical Staves
 d - a cursed staff of death
Wands
 m - a wand of flame (1)
Scrolls
 j - 2 scrolls of amnesia
 q - a scroll of fog
 s - a scroll of immolation
 u - a scroll of magic mapping
 y - a scroll of teleportation
 B - a scroll of remove curse
 D - a scroll of fear {unknown}


   Skills:
 - Level 8.3 Fighting
 - Level 1.9 Axes
 - Level 6.6 Armour
 * Level 0.7 Dodging
 - Level 5.6 Stealth
 * Level 7.1 Invocations


You had 9 spell levels left.
You didn't know any spells.
Your spell library contained the following spells:

 Spells                   Type           Power        Failure   Level  Hunger
 Regeneration             Chrm/Necr      #.........   100%        3    N/A
 Shroud of Golubria       Chrm/Tloc      #.........   99%         2    N/A
 Infusion                 Chrm           #...         98%         1    N/A
 Song of Slaying          Chrm           #.......     99%         2    N/A
 Spectral Weapon          Hex/Chrm       #.......     100%        3    N/A

Dungeon Overview and Level Annotations

Branches:
Dungeon (7/15)             Temple (0/1) D:6

Altars:
Dithmenos
Fedhas
Gozag
Makhleb
Nemelex Xobeh
Okawaru
Ru
Sif Muna
Trog
Vehumet
Zin

Shops:
D:5 (   D:7 [


Innate Abilities, Weirdness & Mutations

You do not eat or drink.
Your flesh is vulnerable to fire.
You are immune to poison.
Your flesh is cold resistant. (rC+)
You are immune to negative energy. (rN+++)
You are immune to unholy pain and torment.
You can survive without breathing.


Message History

Aiming: Iceblast
Press: ? - help, Shift-Dir - straight line, f - komodo dragon
Aim: a komodo dragon The mass of ice explodes!
The iceblast engulfs the komodo dragon.
The komodo dragon is lightly wounded.
Evoke which item? (* to show all) (? for menu, Esc to quit)
Aiming: Iceblast
Press: ? - help, Shift-Dir - straight line, f/p - komodo dragon
Aim: a komodo dragon (lightly wounded)
The mass of ice explodes!
The iceblast engulfs the komodo dragon.
The komodo dragon is moderately wounded.
Evoke which item? (* to show all) (? for menu, Esc to quit)
Aiming: Iceblast
Press: ? - help, Shift-Dir - straight line, f/p - komodo dragon
Aim: a komodo dragon (moderately wounded)
The mass of ice explodes!
The iceblast engulfs the komodo dragon.
The komodo dragon is severely wounded.
Evoke which item? (* to show all) (? for menu, Esc to quit)
Aiming: Iceblast
Press: ? - help, Shift-Dir - straight line, f/p - komodo dragon
Aim: a komodo dragon (severely wounded)
The mass of ice explodes!
The iceblast engulfs the komodo dragon.
The komodo dragon is severely wounded.
Evoke which item? (* to show all) (? for menu, Esc to quit)
Aiming: Iceblast
Press: ? - help, Shift-Dir - straight line, f/p - komodo dragon
Aim: a komodo dragon (severely wounded)
The mass of ice explodes!
The iceblast engulfs the komodo dragon.
The komodo dragon is severely wounded.
The now-empty wand crumbles to dust.
The komodo dragon hisses menacingly.
The komodo dragon bites you!
* * * LOW HITPOINT WARNING * * *
Your chain mail "Noung" prevents you from hitting the komodo dragon.
The komodo dragon is severely wounded.
The komodo dragon closely misses you.
You closely miss the komodo dragon.
The komodo dragon is severely wounded.
The komodo dragon bites you!
You die...

###†#####.##############
#######.#†...##...........##.####
.............############.##.#...
........>##### #(......#.##.#...
..........≈≈#####.......#.#..#...
##....#....≈≈##.#.......#.#..#...
##.##)......≈♣#.......#..........
)............♣#..................
##.##.#.....≈♣#.@l..#.#...#.#####
......#....≈≈##.......#...#.# ##.
#####.....≈≈##.....##.......###..
....#...[####...............÷...#
....#...#........#.#..###)###..##
....##..##.#.........##..#..##.#.
....##..............####.†.#####.
....##.....###.#...## ##.## #.#
###............#...# #.# ..


You could see a komodo dragon.

Vanquished Creatures
  Pikel (D:4)
  A smoke demon (Abyss:2)
  Sigmund (D:4)
  4 slaves (D:4)
  2 ice beasts
  2 orc warriors (D:7)
  A sky beast (D:7)
  A necrophage (D:6)
  5 ogres
  A phantom (D:3)
  2 centaurs
  4 big kobolds
  7 bullfrogs
  A scorpion (D:7)
  5 killer bees
  3 crimson imps
  2 quasits
  3 orc priests
  2 jellies
  3 hounds
  8 orc wizards
  2 iguanas
  6 worker ants
  A hound skeleton (D:4)
  A hound zombie (D:7)
  8 adders
  A howler monkey skeleton (D:7)
  9 river rats (Sewer)
  2 shadow imps (D:6)
  2 oozes
  An adder zombie (D:5)
  An adder skeleton (D:5)
  3 worms
  3 leopard geckos
  12 orcs
  10 ball pythons
  9 bats
  8 giant cockroaches
  8 goblins
  13 hobgoblins
  13 jackals
  5 quokkas
  7 frilled lizards
  A jackal skeleton (D:4)
  A jackal zombie (D:5)
  19 kobolds
  35 rats
240 creatures vanquished.

Notes
Turn   | Place    | Note
-------+----------+-------------------------------------------
     0 | Abyss:1  | glosham the Mummy Abyssal Knight began the quest for the Orb.
     0 | Abyss:1  | Reached XP level 1. HP: 18/18 MP: 2/2
    47 | Abyss:2  | Noticed a smoke demon
    55 | Abyss:2  | Killed a smoke demon
    55 | Abyss:2  | Reached skill level 5 in Stealth
    55 | Abyss:2  | Reached XP level 2. HP: 24/24 MP: 3/3
    55 | Abyss:2  | Reached XP level 3. HP: 29/29 MP: 4/4
    55 | Abyss:2  | Reached XP level 4. HP: 35/35 MP: 5/5
    55 | Abyss:2  | Reached XP level 5. HP: 41/41 MP: 6/6
    55 | Abyss:2  | Reached XP level 6. HP: 47/47 MP: 7/7
    57 | Abyss:2  | Noticed a great orb of eyes
    76 | Abyss:3  | Noticed a thrashing horror
    99 | Abyss:3  | Noticed a titan simulacrum
   103 | Abyss:3  | Noticed a neqoxec
   104 | Abyss:3  | Got an emerald-encrusted chain mail
   105 | Abyss:3  | Noticed a smoke demon
   106 | Abyss:3  | Noticed a great orb of eyes
   111 | Abyss:3  | Noticed a neqoxec
   114 | D:1      | Escaped the Abyss
   184 | D:1      | Identified the +7 chain mail "Noung" {rPois Slay+5} (You found it on level 3 of the Abyss)
   188 | D:1      | Reached * piety under Lugonu
   656 | D:1      | Reached ** piety under Lugonu
   776 | D:2      | Found a faded altar of an unknown god.
  1229 | D:2      | Found a shadowy altar of Dithmenos.
  1229 | D:2      | Found a bloodstained altar of Trog.
  1229 | D:2      | Found a blossoming altar of Fedhas.
  1229 | D:2      | Found a sacrificial altar of Ru.
  1235 | D:2      | Found a sparkling altar of Nemelex Xobeh.
  1235 | D:2      | Found an iron altar of Okawaru.
  1342 | D:3      | Found a deep blue altar of Sif Muna.
  1581 | D:3      | Reached skill level 2 in Armour
  1581 | D:3      | Reached skill level 2 in Invocations
  1729 | D:3      | Reached XP level 7. HP: 48/53 MP: 8/8
  1831 | D:3      | Found a glowing silver altar of Zin.
  1831 | D:3      | Found an opulent altar of Gozag.
  2188 | D:4      | Reached skill level 4 in Fighting
  2225 | D:4      | Reached *** piety under Lugonu
  2300 | D:4      | Noticed Pikel
  2319 | D:4      | Killed Pikel
  2319 | D:4      | Reached skill level 5 in Fighting
  2319 | D:4      | Reached skill level 3 in Armour
  2319 | D:4      | Reached skill level 3 in Invocations
  2319 | D:4      | Reached XP level 8. HP: 44/62 MP: 10/10
  2384 | D:4      | Noticed Sigmund
  2399 | D:4      | Killed Sigmund
  2399 | D:4      | Reached skill level 4 in Armour
  2399 | D:4      | Reached skill level 4 in Invocations
  2460 | D:4      | Found a burning altar of Makhleb.
  2461 | D:4      | Found a radiant altar of Vehumet.
  2584 | D:5      | Entered Level 5 of the Dungeon
  2597 | D:5      | Got a thick robe
  2618 | D:5      | Found a glowing drain.
  2631 | Sewer    | Entered a sewer
  2827 | Sewer    | Reached **** piety under Lugonu
  2926 | Sewer    | Reached skill level 6 in Fighting
  3026 | D:5      | Reached skill level 5 in Invocations
  3676 | D:5      | Found Ylunoxke's Weapon Shop.
  3682 | D:5      | Reached skill level 5 in Armour
  3682 | D:5      | Reached XP level 9. HP: 43/71 MP: 12/12
  3801 | D:6      | Found a staircase to the Ecumenical Temple.
  3818 | D:6      | Identified the +2 robe of the Farrier {rPois Str+9 Int-3} (You found it on level 5 of the Dungeon)
  3911 | D:6      | Reached ***** piety under Lugonu
  4133 | D:6      | Reached skill level 7 in Fighting
  4380 | D:6      | Reached skill level 6 in Invocations
  4580 | D:7      | Reached skill level 6 in Armour
  4617 | D:7      | Found Zosmeash's Antique Armour Boutique.
  4705 | D:7      | Noticed a komodo dragon
  4778 | D:6      | Reached skill level 8 in Fighting
  5010 | D:7      | Reached XP level 10. HP: 65/80 MP: 15/15
  5133 | D:7      | Reached skill level 7 in Invocations
  5261 | D:7      | Slain by a komodo dragon

Vault maps used:
D:1:      erik_arrival_orb_chamber, minmay_bisected
D:2:      minmay_overflow_temple_hex, chequers_ecumenical_altar_simple_redux
D:3:      grunt_temple_overflow_gold_and_silver, led_sif_pool,
          serial_bayou_lake_a
D:4:      grunt_temple_overflow_lords_of_destruction, uniq_pikel, uniq_sigmund
D:5:      first_ration, cheibrodos_sewer_entry_sluice, serial_shops,
          kennysheep_little_box, minivault_4
D:6:      minmay_temple_entry_junction
D:7:      minmay_the_grid_octo_triangle, serial_shops, shop, st_stairs_5,
          kennysheep_nub
Abyss:3:  nicolae_abyss_rune_star_stuff
Sewer:    sewer_minmay_treatment

Skill      XL: |  1  2  3  4  5  6  7  8  9 10 |
---------------+-------------------------------+-----
Stealth        | 5 |  5.6
Armour         | 2 3 5 6 |  6.6
Invocations    | 2 3 5 6 7 |  7.1
Fighting       | 5 6 8 |  8.3
Axes           | |  1.9
Dodging        | |  0.7

Action                   |  1- 3 |  4- 6 |  7- 9 | 10-12 || total
-------------------------+-------+-------+-------+-------++-------
Melee: Dagger            |       |    75 |   437 |    72 ||   584
       Hand axe          |       |    52 |       |       ||    52
Throw: Stone             |       |     2 |       |       ||     2
       Tomahawk          |       |       |     2 |       ||     2
Invok: Depart the Abyss  |       |     1 |       |       ||     1
Evoke: Wand              |     2 |     1 |     2 |     5 ||    10
  Use: Scroll            |     1 |     4 |     7 |       ||    12
Armor: Chain mail        |       |    77 |   308 |    46 ||   431
       Leather armour    |       |    48 |       |       ||    48
Dodge: Dodged            |       |   107 |   188 |    18 ||   313

Table legend:
 A = Spawn XP
 B = Non-spawn XP
 C = Spawn XP percentage of total XP
 D = Spawn monster count
 E = Non-spawn monster count
 F = Spawn count percentage of total count
 G = Total turns spent on level
                    A         B        C        D         E        F      G
               +---------+---------+-------+---------+---------+-------+---------
         Total |     439 |    5742 |   7.1 |       1 |     235 |   0.4 |  5261
               +---------+---------+-------+---------+---------+-------+---------
           D:1 |       0 |      48 |   0.0 |       0 |      33 |   0.0 |   468
           D:2 |       0 |      52 |   0.0 |       0 |      22 |   0.0 |   715
           D:3 |       0 |     277 |   0.0 |       0 |      18 |   0.0 |   701
           D:4 |       0 |    1119 |   0.0 |       0 |      24 |   0.0 |   608
           D:5 |       0 |     577 |   0.0 |       0 |      22 |   0.0 |   847
           D:6 |       0 |    1167 |   0.0 |       0 |      25 |   0.0 |   868
           D:7 |       0 |    2016 |   0.0 |       0 |      43 |   0.0 |   608
       Abyss:2 |     439 |       0 | 100.0 |       1 |       0 | 100.0 |    52
         Sewer |       0 |     486 |   0.0 |       0 |      48 |   0.0 |   332
               +---------+---------+-------+---------+---------+-------+---------

Table legend:
 A = Turns spent in this place as a percentage of turns spent in the entire game.
 B = Non-inter-level travel turns spent in this place as a percentage of non-inter-level travel turns spent in the entire game.
 C = Inter-level travel turns spent in this place as a percentage of turns spent in this place.
 D = Turns resting spent in this place as a percentage of non-inter-level travel turns spent in this place.
 E = Turns spent auto-exploring this place as a percentage of non-inter-level travel turns spent in this place.
 F = Non-inter-level travel turns spent in this place divided by the number of levels of this place that you've seen.
                   A       B       C       D       E      F
               +-------+-------+-------+-------+-------+----------------------
         Total | 100.0 | 100.0 |   5.8 |   5.0 |   0.9 | 450.5
       Dungeon |  91.5 |  91.0 |   6.4 |   5.5 |   1.0 | 644.1
         Abyss |   2.2 |   2.3 |   0.0 |   0.0 |   0.0 |  38.0
         Sewer |   6.3 |   6.7 |   0.0 |   0.6 |   0.0 | 332.0
               +-------+-------+-------+-------+-------+----------------------

Table legend:
 A = Kills in this place as a percentage of kills in entire the game.
 B = Kills by you in this place as a percentage of kills by you in the entire game.
 C = Kills by friends in this place as a percentage of kills by friends in the entire game.
 D = Other kills in this place as a percentage of other kills in the entire game.
 E = Experience gained in this place as a percentage of experience gained in the entire game.
 F = Experience gained in this place divided by the number of levels of this place that you have seen.
                   A       B       C       D       E      F
               +-------+-------+-------+-------+-------+----------------------
         Total | 100.0 | 100.0 |   N/A |   N/A | 100.0 | 561.9
       Dungeon |  79.2 |  79.2 |   N/A |   N/A |  85.0 | 750.9
         Abyss |   0.4 |   0.4 |   N/A |   N/A |   7.1 | 146.3
         Sewer |  20.3 |  20.3 |   N/A |   N/A |   7.9 | 486.0
               +-------+-------+-------+-------+-------+----------------------

Vault maps used:
D:1:      erik_arrival_orb_chamber, minmay_bisected
D:2:      minmay_overflow_temple_hex, chequers_ecumenical_altar_simple_redux
D:3:      grunt_temple_overflow_gold_and_silver, led_sif_pool,
          serial_bayou_lake_a
D:4:      grunt_temple_overflow_lords_of_destruction, uniq_pikel, uniq_sigmund
D:5:      first_ration, cheibrodos_sewer_entry_sluice, serial_shops,
          kennysheep_little_box, minivault_4
D:6:      minmay_temple_entry_junction
D:7:      minmay_the_grid_octo_triangle, serial_shops, shop, st_stairs_5,
          kennysheep_nub
Abyss:3:  nicolae_abyss_rune_star_stuff
Sewer:    sewer_minmay_treatment
